cohdb
Replays
Latest Replays
All Replays
Popular Replays
Top Player Replays
Match Explorer
How It Works
Community
CoH3 Stats
Reddit
Sign in to upload your games and track your stats! →
Sign in with Steam
Match 45171288
Unlisted
Match 45171288
Overview
Messages
Build Orders
End
Royal Engineer Section
Vickers Machine Gun Team
Construct Section Command Post
Selects Air and Sea Battlegroup
Infantry Section
Grenade Package
Infantry Section
ML 3-inch Mortar Team
Construct Platoon Command Post
Selects Supply Surplus
Humber Armored Car
6-pounder Anti-tank Gun Team
6-pounder Anti-tank Gun Team
Humber Armored Car
Danitato
Dvash
pagep
7k this year for sure
0
0
Comments
sign in to comment!
No comments posted yet!